Map: Dusk Towers

Players

Masonem - Winner!

  • Race: Terran Terran
  • League: Master

Nittai

  • Race: Zerg Zerg
  • League: Diamond

VOD

Have the link to the VOD?

Description

Time

  • Played on: Nov. 28, 2015, 5:08 p.m.
  • Length: 15:36
Show
View Real Time Build Order
Export as new Build Order

Masonem Terran - Winner!

Build Orders: Reaper Expand, MMM Bio 

Get SALT Encoding   

  12  0:01  SCV  
  13  0:13  SCV  
  14  0:17  Supply Depot  
  14  0:25  SCV  
  15  0:39  SCV  
  15  0:40  Barracks  
  16  0:44  Refinery  
  16  0:51  SCV  
  17  1:03  SCV  
  18  1:27  Orbital Command  
  18  1:28  Reaper  
  19  1:42  Command Center  
  19  1:52  Supply Depot  
  19  1:54  SCV  
  20  2:05  Barracks Reactor  
  20  2:06  SCV  
  21  2:17  Barracks  
  21  2:18  SCV  
  22  2:31  SCV  
  22  2:34  Refinery  
  23  2:41  Marine x2  
  23  2:43  SCV  
  26  2:54  SCV  
  26  2:55  SCV  
  26  2:57  Engineering Bay  
  28  2:59  Marine x2  
  28  3:04  Barracks Tech Lab  
  30  3:07  Orbital Command  
  30  3:08  SCV  
  30  3:17  Marine x2  
  32  3:20  SCV  
  32  3:23  Factory, Stimpack  
  32  3:24  Marine  
  34  3:29  Terran Infantry Weapons Level 1  
  34  3:32  SCV  
  34  3:33  SCV  
  36  3:37  Marine x2  
  38  3:44  SCV  
  38  3:45  SCV  
  38  3:47  Supply Depot  
  40  3:50  Marine  
  41  3:56  SCV  
  41  3:57  Marine  
  41  3:58  SCV, Marine  
  41  4:02  Supply Depot  
  45  4:05  Refinery  
  45  4:09  SCV  
  46  4:10  SCV, Starport  
  46  4:14  Factory Reactor  
  46  4:17  Marine x3  
  47  4:21  SCV  
  51  4:25  Barracks  
  51  4:27  SCV  
  52  4:33  SCV  
  52  4:34  Marine  
  52  4:35  Marine  
  55  4:39  Supply Depot, SCV, Marine  
  55  4:45  SCV  
  58  4:56  Barracks, Medivac  
  58  4:57  Medivac  
  58  4:58  Barracks  
  62  5:00  Marine x2  
  62  5:02  SCV  
  62  5:04  SCV  
  66  5:08  Supply Depot  
  66  5:09  Marine  
  66  5:12  Barracks Reactor  
  67  5:15  SCV  
  67  5:16  SCV  
  67  5:20  Supply Depot  
  69  5:23  Terran Infantry Armor Level 1, Combat Shields  
  69  5:24  Marine  
  70  5:30  Marine  
  70  5:32  Marine  
  70  5:33  SCV x2  
  74  5:40  Medivac x2  
  74  5:42  Marine  
  79  5:46  Supply Depot, Barracks Reactor x2  
  79  5:48  Marine  
  79  5:49  Marine  
  80  5:50  Supply Depot  
  80  5:51  Marine x2  
  83  5:59  Marine  
  84  6:05  Marine  
  84  6:14  Marine  
  84  6:15  Marine x2  
  84  6:17  Marine  
  88  6:23  Marine  
  84  6:27  Marine x4  
  84  6:32  Marine x2  
  87  6:33  Armory, Marine  
  87  6:35  Command Center  
  87  6:36  Supply Depot  
  87  6:37  Engineering Bay  
  90  6:40  Marine  
  90  6:41  Marine  
  90  6:45  Marine x4  
  90  6:46  Medivac  
  98  6:50  Marine  
  97  7:00  Marine x2  
  99  7:02  Marine x2  
  99  7:08  Supply Depot  
  99  7:09  Marine  
  99  7:10  Supply Depot, Marine  
  100  7:16  Marine x3  
  100  7:17  Medivac x2  
  100  7:18  Marine x2  
  105  7:24  Marine x2  
  105  7:27  Marine x2  
  109  7:45  Marine x2  
  109  7:46  Marine  
  109  7:47  Terran Infantry Armor Level 2, Terran Infantry Weapons Level 2, Medivac  
  109  7:49  Orbital Command  
  101  8:00  Marine x3  
  101  8:01  Marine  
  101  8:02  Supply Depot  
  105  8:13  Marine  
  105  8:14  Marine  
  105  8:15  Marine x3  
  105  8:18  Marine x2  
  112  8:32  Marine x4  
  112  8:33  Medivac x2  
  99  8:41  Orbital Command  
  96  8:42  Marine x3  
  96  8:46  Marine x2  
  101  8:49  SCV x2, Marine  
  101  8:50  Marine  
  101  8:54  Supply Depot x2  
  101  8:55  Supply Depot  
  99  8:57  Refinery  
  99  8:58  Supply Depot  
  99  8:59  Supply Depot  
  99  9:02  Marine x5  
  98  9:05  Marine  
  98  9:27  Marine x4  
  98  9:28  Marine x4  
  98  9:29  Medivac x2  
  110  9:37  Marine  
  101  9:45  Marine x5  
  101  9:48  Marine x3  
  105  9:55  Marine  
  105  9:59  Medivac x2  
  109  10:03  Marine x4  
  109  10:05  Marine  
  109  10:06  Marine  
  113  10:10  Marine x2  
  115  10:16  Marine  
  115  10:20  Marine  
  115  10:21  Marine x2  
  119  10:29  Medivac  
  119  10:33  Marine x5  
  119  10:35  Marine  
  121  10:38  Marine x2  
  121  10:39  Marine  
  122  10:51  Marine x5  
  122  10:53  Marine  
  122  10:56  Marine x3  
  123  11:00  Command Center, Medivac x2  
  123  11:02  Terran Infantry Weapons Level 3, Terran Infantry Armor Level 3  
  127  11:05  Barracks  
  127  11:08  Marine  
  127  11:09  Marine x2  
  127  11:10  Barracks, Marine  
  127  11:11  Barracks  
  129  11:13  Marine  
  129  11:14  Marine  
  129  11:15  Marine x2  
  129  11:16  Marine  
  134  11:20  Supply Depot  
  134  11:26  Marine x2  
  134  11:27  Marine  
  134  11:30  Missile Turret  
  134  11:32  Missile Turret, Marine x2  
  139  11:36  Missile Turret  
  139  11:42  Marine x2  
  139  11:43  Medivac, Marine x2  
  139  11:44  Marine, Medivac  
  143  12:08  Marine x2  
  143  12:09  Marine x4  
  125  12:17  Marine  
  125  12:18  Marine x2  
  125  12:19  Medivac x2  
  125  12:21  Barracks Reactor x3  
  131  12:26  Marine x2  
  133  12:33  Barracks  
  133  12:34  Command Center  
  133  12:38  Barracks  
  132  12:50  Marine x3  
  112  12:52  Liberator x2  
  112  12:55  Marine x6  
  112  12:58  Planetary Fortress  
  110  13:02  Marine  
  110  13:03  Marine x5  
  116  13:08  Marine x3  
  121  13:12  Marine  
  121  13:13  Marine  
  123  13:23  Marine x4  
  123  13:24  Barracks Reactor x2  
  123  13:26  Marine x2  
  129  13:33  Marine x6  
  135  13:34  Marine  
  135  13:35  Liberator x2  
  135  13:36  Sensor Tower, Missile Turret x2  
  135  13:37  Missile Turret  
  135  13:38  Marine x2  
  135  13:40  Marine  
  135  13:41  Marine x3  
  140  13:44  Marine  
  149  13:56  Marine x6  
  149  13:57  Marine x2  
  157  14:07  Marine x5  
  162  14:16  Missile Turret  
  162  14:18  Liberator x2  
  162  14:20  Marine  
  162  14:21  Marine x4  
  162  14:22  Marine x3  
  162  14:23  Marine x4  
  174  14:28  Hi-Sec Auto Tracking  
  174  14:36  Missile Turret  
  180  14:38  Marine  
  180  14:39  Marine  
  179  14:50  Marine x3  
  179  14:51  Marine x6  
  166  14:52  Marine  
  166  14:53  Marine  
  166  14:56  Marine x2  
  166  14:57  Marine x4  
  166  14:59  Planetary Fortress  
  172  15:08  Command Center, Marine  
Show
View Real Time Build Order
Export as new Build Order

Nittai Zerg 

Build Orders: Hatch First 

Get SALT Encoding   

  12  0:01  Drone  
  13  0:12  Overlord  
  13  0:18  Drone  
  14  0:30  Drone  
  14  0:33  Drone  
  14  0:34  Drone  
  17  0:56  Hatchery  
  16  0:59  Drone  
  17  1:17  Spawning Pool  
  17  1:18  Drone  
  17  1:22  Extractor  
  16  1:26  Drone  
  16  1:28  Drone  
  16  1:31  Drone  
  19  1:41  Overlord  
  19  2:04  Queen  
  19  2:05  Zergling x4  
  23  2:09  Zergling x2  
  23  2:10  Queen  
  26  2:19  Drone x2  
  28  2:24  Drone  
  28  2:27  Metabolic Boost  
  28  2:51  Drone x2  
  28  2:52  Drone x2  
  32  3:02  Queen  
  34  3:07  Hatchery, Overlord  
  33  3:17  Overlord  
  33  3:19  Drone x3  
  36  3:33  Drone x4  
  40  3:34  Drone, Baneling Nest  
  40  3:36  Drone  
  40  3:39  Drone  
  40  3:41  Drone  
  43  3:53  Queen  
  45  4:01  Overlord x2  
  45  4:14  Spore Crawler  
  44  4:21  Queen  
  44  4:23  Drone x12  
  58  4:26  Zergling x2  
  59  4:42  Overlord  
  59  4:45  Drone x2  
  61  4:47  Hatchery  
  61  4:48  Drone x3  
  61  4:51  Drone  
  64  4:59  Queen  
  66  5:00  Lair  
  66  5:03  Drone x5  
  66  5:05  Extractor  
  66  5:06  Zergling x2  
  71  5:30  Zergling x6  
  71  5:32  Overlord x3  
  74  5:39  Extractor  
  73  5:45  Evolution Chamber, Drone x2  
  73  5:47  Evolution Chamber, Drone  
  73  5:48  Overlord x2  
  73  5:49  Overlord  
  74  5:56  Zergling x2, Baneling x4  
  78  5:57  Zergling x14  
  81  6:05  Zergling x10  
  81  6:06  Centrifical Hooks  
  81  6:07  Hatchery  
  79  6:13  Zergling x6  
  81  6:23  Zergling x14  
  81  6:24  Zergling x4  
  88  6:27  Zerg Melee Weapons Level 1  
  88  6:37  Baneling x2  
  88  6:38  Baneling  
  88  6:42  Drone x9  
  95  7:01  Zergling x2  
  95  7:02  Zergling x10  
  95  7:04  Baneling x2  
  97  7:15  Queen  
  97  7:19  Zergling x18  
  97  7:21  Baneling x6  
  95  7:23  Baneling  
  95  7:24  Baneling x4  
  95  7:27  Drone x5  
  89  7:51  Queen  
  89  7:56  Spore Crawler  
  89  7:57  Drone x5, Extractor  
  89  7:58  Spore Crawler, Drone x2  
  89  7:59  Drone x2  
  89  8:05  Zergling x10  
  95  8:11  Hatchery  
  92  8:18  Spire  
  90  8:33  Baneling x3  
  87  8:34  Zerg Melee Weapons Level 2  
  84  8:47  Drone x3  
  84  8:48  Drone x4  
  90  8:49  Drone x2  
  91  9:04  Queen  
  91  9:05  Drone x4  
  91  9:09  Zerg Ground Armor Level 1  
  97  9:16  Baneling  
  85  9:17  Zergling x2, Baneling  
  85  9:18  Zergling x12  
  85  9:19  Zergling x12  
  85  9:20  Overseer  
  85  9:21  Overseer  
  93  9:37  Baneling x5  
  91  9:39  Zerg Flyer Weapons Level 1  
  91  9:43  Drone x6  
  90  10:04  Drone x5  
  90  10:05  Drone x4  
  98  10:07  Drone x4  
  102  10:15  Zergling x8, Baneling x2  
  104  10:30  Mutalisk  
  104  10:31  Mutalisk x4  
  104  10:34  Overseer  
  111  10:41  Zergling x2  
  99  10:52  Baneling x3  
  99  10:55  Drone x9  
  99  10:56  Drone x6  
  114  11:01  Mutalisk x2  
  114  11:03  Mutalisk  
  119  11:21  Zerg Ground Armor Level 2  
  117  11:26  Zergling x16  
  117  11:32  Baneling x4  
  117  11:55  Overlord x9  
  117  12:01  Pneumatized Carapace  
  117  12:04  Extractor x2  
  105  12:09  Drone x2  
  105  12:10  Drone x6  
  105  12:12  Extractor, Zergling x28  
  105  12:13  Zergling x4  
  105  12:15  Zergling x2  
  112  12:22  Extractor  
  109  12:25  Zergling x20  
  109  12:27  Baneling x7  
  109  12:28  Baneling x4  
  119  12:34  Corruptor  
  119  12:35  Infestation Pit  
  119  12:36  Corruptor  
  102  12:52  Hatchery, Zergling x2  
  102  12:53  Zergling x8  
  100  13:11  Hatchery, Drone x2  
  100  13:12  Overseer  
  101  13:15  Zergling x2  
  101  13:16  Zergling x10  
  107  13:26  Corruptor x2  
  111  13:29  Corruptor  
  113  13:38  Zergling x10  
  118  13:44  Hive  
  118  13:53  Corruptor  
  118  13:54  Corruptor  
  122  13:57  Zergling x2  
  122  13:58  Zergling x4  
  122  14:02  Baneling x4  
  124  14:03  Baneling x2  
  122  14:17  Baneling  
  122  14:18  Zergling x16, Baneling x4  
  130  14:35  Zergling x26  
  109  14:53  Zergling x30  
  109  14:57  Baneling x7  
  117  15:02  Zergling x6  
Tags
 
Add a new tag
Caveats
  • Supply blocks, unpowered buildings, or Contaminate may cause inaccurate times.
  • Supply counts are checked every 10 seconds.